 Dungeon Sprint DCSS version 0.22.1-1-ga44c0e56f4 (webtiles) character file.

767 MuseOD the Covert (level 7, -5/39 HPs)
             Began as a Spriggan Enchanter on Sept 23, 2018.
             Slain by an iron imp (8 damage)
             ... summoned by a neqoxec
             ... in the Dungeon (Sprint II: "The Violet Keep of Menkaure").
             The game lasted 00:01:36 (204 turns).

MuseOD the Covert (Spriggan Enchanter)               Turns: 204, Time: 00:01:36

Health: -5/39      AC:  2    Str:  4    XL:     7   Next: 52%
Magic:  1/17       EV: 18    Int: 16    God:
Gold:   486        SH:  0    Dex: 15    Spells: 12/18 levels left

rFire    . . .     SeeInvis +   a - +1 dagger
rCold    . . .     Gourm    .   (shield restricted)
rNeg     . . .     Faith    .   b - +0 robe
rPois    .         Spirit   .   (helmet restricted)
rElec    .         Reflect  .   (no cloak)
rCorr    .         Harm     .   (gloves unavailable)
MR       +....     NoTele   +   (boots unavailable)
Stlth    +++++.....             (no amulet)
HPRegen  0.13/turn              (no ring)
MPRegen  0.15/turn              (no ring)

@: very quick
A: very small, unfitting armour, see invisible, clumsy 1, dopey 1, herbivore,
speed 3, slow metabolism 2
a: no special abilities


You were in the Dungeon.
You were not hungry.

You visited 1 branch You collected 486 gold pieces.

Inventory:

Hand Weapons
 a - a +1 dagger (weapon)
Armour
 b - a +0 robe (worn)
Scrolls
 j - a scroll of blinking
Potions
 e - a potion of curing
 f - a potion of heal wounds
 g - a potion of haste
Comestibles
 d - a ration


   Skills:
 - Level 5.8 Fighting
 - Level 11.0 Short Blades
 - Level 3.0 Dodging
 + Level 13.6 Stealth
 + Level 6.4 Spellcasting
 + Level 6.9 Hexes


You had 12 spell levels left.
You knew the following spells:

 Your Spells              Type           Power        Failure   Level  Hunger
a - Corona                Hex            ####...      1%          1    None
b - Ensorcelled Hibernat  Hex/Ice        ###...       4%          2    None
c - Confuse               Hex            ####....     2%          3    ##.....

Your spell library contained the following spells:

 Spells                   Type           Power        Failure   Level  Hunger
 Tukima's Dance           Hex            ####....     2%          3    ##.....
 Dazzling Spray           Conj/Hex       ###...       10%         3    ##.....


Dungeon Overview and Level Annotations

Branches:
Dungeon (1/1)

Altars:

Shops:
D ?[:%*}(=}


Innate Abilities, Weirdness & Mutations

You are very small and have problems with some larger weapons.
You are too small for most types of armour.
You have supernaturally acute eyesight. (SInv)
You are a herbivore.
You cover ground extremely quickly.
You need to consume almost no food.
You are clumsy. (Dex -2)
You are dopey. (Int -2)


Message History

Aim: a neqoxec (chance to defeat MR: 38%)
The neqoxec resists with some effort.
The neqoxec misses you. The iron imp hits you!
* * * LOW HITPOINT WARNING * * *
Casting: Confuse (safe; 2% risk of failure)
Confirm with . or Enter, or press ? or * to list all spells.
Aiming: Ensorcelled Hibernation (safe; 4% risk of failure)
Press: ? - help, Shift-Dir - straight line, f/p - neqoxec
Aim: a neqoxec (chance to defeat MR: 29%)
The neqoxec easily resists.
The neqoxec closely misses you. The iron imp completely misses you.
You hit the neqoxec.
The neqoxec is lightly wounded.
The neqoxec closely misses you.
You hit the neqoxec.
The neqoxec is lightly wounded.
You hit the neqoxec.
The neqoxec is lightly wounded.
The neqoxec closely misses you. The iron imp hits you!
You die...

.∩.∩.#≈ ### H#$ ###
∩.∩.∩#≈##.###+###.##
...∩.#≈#.#.##.##...#
....∩'≈'3##'.<.'.#.+
.....#≈#..###.##.).#
▓▓▓###≈##.# #'###.##
######≈ ####5#####
## #†.#35# ##.#@##
##+##


You could see a neqoxec, an iron imp and an ufetubus.

Vanquished Creatures
  A merfolk siren (D)
  3 neqoxecs (D)
  4 worker ants (D)
8 creatures vanquished.

Vanquished Creatures (others)
  A crocodile (D)
1 creature vanquished.

Grand Total: 9 creatures vanquished

Notes
Turn   | Place    | Note
-------+----------+-------------------------------------------
     0 | D        | MuseOD the Spriggan Enchanter began the quest for the Orb.
     0 | D        | Reached XP level 1. HP: 9/9 MP: 5/5
     1 | D        | Noticed a merfolk siren
     4 | D        | Noticed a hippogriff
     4 | D        | Noticed a hippogriff
     7 | D        | Noticed a neqoxec
    10 | D        | Noticed a worker ant
    10 | D        | Noticed a worker ant
    17 | D        | Killed a worker ant
    17 | D        | Reached skill level 6 in Stealth
    17 | D        | Reached XP level 2. HP: 14/15 MP: 6/6
    23 | D        | Reached skill level 5 in Short Blades
    23 | D        | Reached skill level 7 in Stealth
    23 | D        | Reached XP level 3. HP: 15/19 MP: 8/8
    29 | D        | Learned a level 2 spell: Ensorcelled Hibernation
    33 | D        | Learned a level 3 spell: Confuse
    48 | D        | Killed a crocodile
    70 | D        | Reached XP level 4. HP: 18/24 MP: 9/9
    75 | D        | Reached skill level 8 in Stealth
    84 | D        | Killed a merfolk siren
    84 | D        | Reached skill level 5 in Fighting
    84 | D        | Reached skill level 11 in Stealth
    84 | D        | Reached XP level 5. HP: 24/32 MP: 7/10
    84 | D        | Reached XP level 6. HP: 27/36 MP: 7/11
   102 | D        | Killed a neqoxec
   102 | D        | Reached skill level 12 in Stealth
   102 | D        | Reached skill level 5 in Hexes
   102 | D        | Reached XP level 7. HP: 22/39 MP: 4/14
   103 | D        | Noticed a neqoxec
   104 | D        | Gained mutation: You are dopey. (Int -2) [a neqoxec]
   136 | D        | Found Muxaliwu's Gadget Emporium.
   136 | D        | Noticed a neqoxec
   136 | D        | Noticed a neqoxec
   140 | D        | Found Ihacwefo's Antique Weapon Shoppe.
   140 | D        | Found Hicu's Jewellery Shoppe.
   140 | D        | Found Woffuud's Assorted Antiques.
   140 | D        | Found Currok's Antique Armour Shoppe.
   140 | D        | Found Ymiulef's Gadget Emporium.
   140 | D        | Found Heulau's Book Shoppe.
   140 | D        | Found Futy's Food Shoppe.
   140 | D        | Found Ejuhey Maer's Magic Scroll Emporium.
   150 | D        | Killed a neqoxec
   150 | D        | Reached skill level 13 in Stealth
   150 | D        | Reached skill level 5 in Spellcasting
   153 | D        | Gained mutation: You are clumsy. (Dex -2) [a neqoxec]
   160 | D        | Killed a neqoxec
   204 | D        | Slain by an iron imp

Skill      XL: |  1  2  3  4  5  6  7 |
---------------+----------------------+-----
Fighting       | 2 3 5 |  5.8
Short Blades   | 4 5 6 11 | 11.0
Stealth        | 6 7 11 12 13 | 13.6
Spellcasting   | 4 6 |  6.4
Hexes          | 5 6 |  6.9
Dodging        | |  3.0

Action                   |  1- 3 |  4- 6 |  7- 9 || total
-------------------------+-------+-------+-------++-------
Melee: Dagger            |    12 |     6 |    29 ||    47
 Cast: Ensorcelled Hiber |       |     2 |     1 ||     3
       Confuse           |       |     1 |    13 ||    14
  Use: Potion            |     1 |       |     2 ||     3
 Stab: Sleeping          |     1 |     2 |       ||     3
       Confused          |       |     1 |     2 ||     3
Armor: Robe              |       |       |     1 ||     1
Dodge: Dodged            |     5 |     2 |    17 ||    24
